 Dungeon Crawl Stone Soup version 0.32-a0-871-ge202e49faa (webtiles) character file.

Game seed: 10233640395724816803

12070 Autsider the Covert (level 11, -3/56 HPs)
             Began as a Felid Summoner on Mar 29, 2024.
             Was a Believer of Kikubaaqudgha.
             Slain by a cane toad (23 damage)
             ... on level 1 of the Lair of Beasts.
             The game lasted 00:43:22 (9523 turns).

Autsider the Covert (Felid Summoner)                Turns: 9523, Time: 00:43:23

Health: -3/56      AC:  2    Str: 10    XL:     11   Next: 57%
Magic:  2/23       EV: 22    Int: 22    God:    Kikubaaqudgha [**....]
Gold:   428        SH:  0    Dex: 18    Spells: 9/25 levels left
                                        Lives:  0   Deaths: 4

rFire   . . .        (weapon unavailable)
rCold   . . .        (shield unavailable)
rNeg    . . .        (body armour unavailable)
rPois   .            (helmet unavailable)
rElec   .            (cloak unavailable)
rCorr   .            (gloves unavailable)
SInv    +            (boots unavailable)
Will    ++...        t - amulet of regeneration
Stlth   ++++         m - ring of willpower
HPRegen 1.09/turn    b - +6 ring of strength
MPRegen 0.18/turn

%: no passive effects
@: no status effects
A: very small, claws 1, fangs 3, see invisible, shaggy fur 2, stealthy paws, no
weapons or thrown items, no armour, multi-lived
a: Renounce Religion, Unearth Wretches


You were on level 1 of the Lair of Beasts.
You worshipped Kikubaaqudgha.
Kikubaaqudgha was pleased with you.
You visited 3 branches of the dungeon, and saw 10 of its levels.

You collected 428 gold pieces.

Inventory:

Jewellery
 b - a +6 ring of strength (right paw)
 g - a ring of ice
 m - a ring of willpower (left paw)
 t - an amulet of regeneration (around neck)
 u - a ring of flight
 x - the amulet "Zukhloc" {Acrobat +Inv rC++ Int-2}
   (You took it off an orc wizard on level 8 of the Dungeon)

   [amulet of the acrobat]

   Acrobat:   It increases your evasion while moving and waiting.
   Int-2:     It affects your intelligence (-2).
   rC++:      It greatly protects you from cold.
   +Inv:      It lets you turn invisible.
Wands
 f - a wand of charming (35)
 h - a wand of polymorph (8)
 p - a wand of warping (6)
Scrolls
 e - 2 scrolls of silence
 i - 4 scrolls of teleportation
 q - a scroll of fog
 r - 2 scrolls of revelation
 y - 3 scrolls of butterflies
 z - a scroll of enchant weapon {unknown}
Potions
 a - 2 potions of magic
 c - 3 potions of heal wounds
 d - a potion of enlightenment
 j - 3 potions of might
 k - a potion of degeneration
 l - a potion of resistance
 n - 2 potions of curing
 o - a potion of attraction {unknown}
 w - a potion of cancellation {unknown}
Miscellaneous
 v - a box of beasts


   Skills:
 + Level 6.2 Fighting
 + Level 8.8 Dodging
 + Level 9.3 Stealth
 + Level 7.9 Spellcasting
 + Level 9.2 Summonings
 + Level 2.0 Necromancy
 - Level 5.0 Fire Magic
 - Level 5.0 Air Magic
 - Level 5.0 Evocations


You had 9 spell levels left.
You knew the following spells:

 Your Spells              Type           Power      Damage    Failure   Level
a - Call Canine Familiar  Summ           49%        N/A       1%          3
b - Summon Blazeheart Go  Fire/Summ      40%        N/A       4%          4
c - Summon Lightning Spi  Summ/Air       40%        N/A       4%          4
n - Summon Small Mammal   Summ           100%       N/A       1%          1
w - Animate Dead          Necr           17%        N/A       32%         4

Your spell library contained the following spells:

 Spells                   Type           Power      Damage    Failure   Level
 Call Imp                 Summ           98%        N/A       1%          2
 Kiss of Death            Conj/Necr      52%        2d9       4%          1
 Cigotuvi's Dreadful Rot  Necr/Alch/Air  38%        N/A       4%          2
 Sublimation of Blood     Necr           17%        N/A       4%          2
 Vampiric Draining        Necr           17%        2d7       10%         3
 Confusing Touch          Hex            8%         N/A       22%         3
 Sigil of Binding         Hex            8%         N/A       22%         3
 Stone Arrow              Conj/Erth      16%        3d8       22%         3
 Teleport Other           Tloc           8%         N/A       22%         3
 Summon Forest            Summ/Tloc      14%        N/A       30%         5
 Dispel Undead            Necr           17%        3d10      32%         4
 Death Channel            Necr           8%         N/A       99%         6
 Haunt                    Necr/Summ      16%        N/A       99%         7
 Sculpt Simulacrum        Ice/Alch       4%         N/A       100%        6
 Lehudib's Crystal Spear  Conj/Erth      4%         10d3      100%        8
 Animate Armour           Summ/Erth      Unusable   N/A       N/A         4

Dungeon Overview and Level Annotations

Branches:
Dungeon (8/15)             Temple (1/1) D:4            Lair (1/5) D:8

Altars:
Ashenzari
Cheibriados
Dithmenos
Elyvilon
Fedhas
Gozag
Hepliaklqana
Kikubaaqudgha
Makhleb
Nemelex Xobeh
Okawaru
Qazlal
Ru
Sif Muna
Trog
Uskayaw
Vehumet
Wu Jian
Xom
Yredelemnul
Zin
The Shining One

Shops:
D:4 [

Annotations:
D:8 1 runed translucent door


Innate Abilities, Weirdness & Mutations

You have sharp claws.
You have razor-sharp teeth.
You have supernaturally acute eyesight. (SInv)
You are covered in thick fur. (AC +2)
Your paws help you pounce on unaware monsters.
You are incapable of wielding weapons or throwing items.
You cannot wear armour.
You gain extra lives every three experience levels.


Message History

A steam dragon comes into view.
The water moccasin bites your blazeheart golem but does no damage.
You see here a water moccasin corpse.
A cane toad comes into view.
The water moccasin completely misses your blazeheart golem.
The blink frog attacks as it pursues you!
The blink frog closely misses you.
The water moccasin bites your blazeheart golem.
Your blazeheart golem punches the water moccasin!!
The water moccasin dies!
Kikubaaqudgha accepts your kill.
Your blazeheart golem's core grows cold and it stops moving.
The blink frog blinks!
The blink frog completely misses you.
Casting: Summon Blazeheart Golem (dangerous; 4% risk of failure)
Confirm with . or Enter, or press ? or * to list all spells.
A fiery spirit appears, bound in slag iron.
The sentinel's mark upon you fades away.
Your blazeheart golem disappears in a puff of smoke!
The blink frog hits you.
* * * LOW HITPOINT WARNING * * *
You feel much better.
The blink frog hits you but does no damage.
The cane toad barely misses you. The steam dragon breathes steam at you.
The ball of steam hits you!
* * * LOW HITPOINT WARNING * * *
Your blazeheart golem punches the cane toad but does no damage.
The blink frog barely misses you.
A cane toad comes into view.
Your lightning spire disappears in a puff of smoke!
Your blazeheart golem's core grows cold and it stops moving.
The cane toad barely misses you.
The blink frog attacks as it pursues you!
The blink frog misses you.
A cane toad comes into view.
Your blazeheart golem's core flares to life once more.
The cane toad stings you!!
You die...
Kikubaaqudgha rasps: You have failed me!
Welcome... death!

†††# ##.....#.. ..... ...#
#^....##.. .....# ...##
##....# .. .....#
....#######....# .### .....#
...............###+P.##......
.....>...)...................
.................†...........
.................†.........!.
.##..##........9@..D†........
.+......#.......F.§..........
.#......#...F.###F####.......
.#......#...F.# #.# ......#
.#......#.....# #.# .......
.#......#.....# #.. #####..
.#......#.....+..## ##
.#......#...... #
.#......†....#


You could see 3 cane toads, a blink frog, a steam dragon (catching breath) and a
friendly blazeheart golem (summoned).

Vanquished Creatures
  2 two-headed ogres (D:8)
  A tengu warrior (D:8)
  A deep elf pyromancer (D:8)
  A cyclops (D:8)
  2 ugly things (D:8)
  A manticore (D:8)
  A cane toad (Lair:1)
  2 komodo dragons (Lair:1)
  2 polar bears (Lair:1)
  A blink frog (Lair:1)
  A basilisk (Lair:1)
  An ice beast (D:7)
  A sky beast (D:6)
  3 wolves (Lair:1)
  A phantom (D:5)
  A bullfrog (D:7)
  A wight (D:6)
  An adder (D:4)
  An ufetubus (D:6)
  A dart slug (D:1)
  An endoplasm (D:3)
  A giant cockroach (D:4)
  A hobgoblin (D:1)
  2 bats
  A frilled lizard (D:2)
32 creatures vanquished.

Vanquished Creatures (collateral kills)
  A centaur warrior (D:8)
  2 cane toads (Lair:1)
  Grinder (D:3)
  A slime creature (D:8)
  4 blink frogs (Lair:1)
  A wyvern (D:8)
  A basilisk (Lair:1)
  2 steam dragons
  5 water moccasins
  Duvessa (D:5)
  An orc warrior (D:8)
  2 ice beasts (D:6)
  5 black bears
  An ogre (D:6)
  2 wolves (Lair:1)
  A centaur (D:6)
  2 phantoms (D:5)
  7 bullfrogs
  2 scorpions
  A gnoll sergeant (D:8)
  Dowan (D:5)
  2 wights (D:6)
  3 bombardier beetles
  3 jellies
  An orc priest (D:8)
  A gnoll bouda (D:7)
  Jessica (D:3)
  2 iguanas
  Natasha (thrice) (D:4)
  3 orc wizards
  Ijyb (D:3)
  11 gnolls
  6 adders
  A shadow imp (D:7)
  A white imp (D:8)
  5 ufetubi
  5 dart slugs
  12 orcs
  4 bats
  5 endoplasms
  3 goblins
  4 hobgoblins
  9 jackals
  8 kobolds
  6 quokkas
  4 ball pythons
  4 frilled lizards
  3 rats
155 creatures vanquished.

Vanquished Creatures (others)
  25 blazeheart cores
25 creatures vanquished.

Grand Total: 212 creatures vanquished

Notes
Turn   | Place    | Note
-------+----------+-------------------------------------------
     0 | D:1      | Autsider the Felid Summoner began the quest for the Orb.
     0 | D:1      | Reached XP level 1. HP: 9/9 MP: 4/4
   285 | D:1      | Reached XP level 2. HP: 13/13 MP: 1/6
   920 | D:1      | Learned a level 2 spell: Call Imp
  1136 | D:2      | Found a white marble altar of Elyvilon.
  1170 | D:2      | Reached XP level 3. HP: 16/16 MP: 5/8
  1333 | D:2      | Learned a level 3 spell: Call Canine Familiar
  1763 | D:2      | Reached XP level 4. HP: 21/21 MP: 6/9
  1763 | D:2      | Gained a life (2 lives remaining)
  1856 | D:2      | Slain by a gnoll
  1856 | D:2      | Lost a life (1 life remaining)
  1910 | D:2      | Noticed a black bear
  2107 | D:2      | Killed a black bear
  2108 | D:2      | Reached skill level 5 in Summonings
  2108 | D:2      | Reached XP level 5. HP: 24/24 MP: 3/11
  2116 | D:2      | Learned a level 4 spell: Summon Blazeheart Golem
  2237 | D:3      | Noticed Ijyb
  2299 | D:3      | HP: 1/24 [+4 spectral club[Ijyb] (5)]
  2301 | D:3      | Slain by Ijyb
  2301 | D:3      | Lost a life (0 lives remaining)
  2431 | D:3      | Noticed Jessica
  2442 | D:3      | Killed Jessica
  2443 | D:3      | Reached skill level 1 in Fire Magic
  2670 | D:3      | Noticed Grinder
  2958 | D:3      | Noticed a black bear
  3181 | D:3      | Killed Grinder
  3182 | D:3      | Gained mutation: You are covered in thick fur. (AC +2)
                  | [Felid growth]
  3182 | D:3      | Reached XP level 6. HP: 28/28 MP: 1/13
  3367 | D:3      | Killed Ijyb
  3544 | D:3      | Reached XP level 7. HP: 32/32 MP: 8/14
  3544 | D:3      | Gained a life (1 life remaining)
  3644 | D:4      | Found a staircase to the Ecumenical Temple.
  3665 | Temple   | Entered the Ecumenical Temple
  3865 | D:4      | Found Bigasm's Antique Armour Emporium.
  3945 | D:4      | Found an ancient bone altar of Kikubaaqudgha.
  3959 | D:4      | Became a worshipper of Kikubaaqudgha
  4040 | D:4      | Noticed Natasha
  4045 | D:4      | Killed Natasha
  4061 | D:4      | Noticed Natasha
  4070 | D:4      | Killed Natasha
  4155 | D:4      | Noticed Natasha
  4180 | D:4      | Killed Natasha
  4237 | D:5      | Entered Level 5 of the Dungeon
  4369 | D:5      | Reached skill level 5 in Spellcasting
  4369 | D:5      | Reached skill level 1 in Evocations
  4408 | D:5      | Got the Compilation of Quantum Shades
  4467 | D:5      | Reached XP level 8. HP: 36/36 MP: 11/16
  4592 | D:5      | Reached skill level 5 in Fire Magic
  4677 | D:5      | Learned a level 4 spell: Summon Lightning Spire
  4811 | D:5      | Noticed Duvessa
  4811 | D:5      | Noticed Dowan
  4837 | D:5      | Killed Duvessa
  4845 | D:5      | Killed Dowan
  5083 | D:6      | Reached skill level 1 in Fighting
  5268 | D:6      | Reached skill level 1 in Air Magic
  5580 | D:6      | Found a blossoming altar of Fedhas.
  5624 | D:6      | Reached XP level 9. HP: 17/42 MP: 7/18
  5906 | D:6      | Reached * piety under Kikubaaqudgha
  5906 | D:6      | Received a gift from Kikubaaqudgha
  5912 | D:6      | Learned a level 4 spell: Animate Dead
  6010 | D:6      | HP: 2/43 [steam dragon] (13)]
  6432 | D:7      | Reached skill level 5 in Stealth
  6626 | D:7      | Reached skill level 5 in Dodging
  6867 | D:7      | Found a radiant altar of Vehumet.
  6867 | D:7      | Found a hide-covered altar of Uskayaw.
  6867 | D:7      | Found a white marble altar of Elyvilon.
  6869 | D:7      | Found a broken altar of Ashenzari.
  7426 | D:8      | Found a staircase to the Lair.
  7592 | D:8      | Noticed a brown ugly thing
  7606 | D:8      | Noticed a deep elf pyromancer
  7613 | D:8      | Killed a brown ugly thing
  7620 | D:8      | Noticed a manticore
  7622 | D:8      | Killed a deep elf pyromancer
  7623 | D:8      | Reached XP level 10. HP: 24/49 MP: 7/20
  7623 | D:8      | Gained a life (2 lives remaining)
  7624 | D:8      | HP: 1/49 [barbs]
  7628 | D:8      | Succumbed to barbed spike wounds
  7628 | D:8      | Lost a life (1 life remaining)
  7635 | D:8      | Noticed a two-headed ogre
  7639 | D:8      | Killed a manticore
  7640 | D:8      | Reached skill level 5 in Evocations
  7646 | D:8      | Killed a two-headed ogre
  7693 | D:8      | Noticed a tengu warrior
  7708 | D:8      | Killed a tengu warrior
  7713 | D:8      | Noticed a two-headed ogre
  7721 | D:8      | Killed a two-headed ogre
  7760 | D:8      | Noticed a cyclops
  7783 | D:8      | Noticed a red ugly thing
  7798 | D:8      | HP: 2/51 [red ugly thing (23)]
  7801 | D:8      | Slain by a red ugly thing
  7801 | D:8      | Lost a life (0 lives remaining)
  7836 | D:8      | Killed a red ugly thing
  7837 | D:8      | Reached skill level 5 in Fighting
  7869 | D:8      | Killed a cyclops
  8141 | D:8      | Identified the amulet "Zukhloc" {Acrobat +Inv rC++ Int-2}
  8529 | D:8      | Found a runed translucent door.
  8529 | D:8      | Found a runed translucent door.
  8529 | D:8      | Noticed a centaur warrior
  8641 | D:8      | Killed a centaur warrior
  8642 | D:8      | Reached XP level 11. HP: 34/56 MP: 14/23
  8768 | Lair:1   | Entered Level 1 of the Lair of Beasts
  9025 | Lair:1   | Reached skill level 5 in Air Magic
  9217 | Lair:1   | Reached skill level 1 in Necromancy
  9382 | Lair:1   | Reached ** piety under Kikubaaqudgha
  9523 | Lair:1   | Slain by a cane toad

Illustrated notes

Levels and vault maps discovered:
D:1:      kennysheep_arrival_seaside, layout_loops_corners
D:2:      layout_loops_cross, basic_altar, chequers_avenue,
          minmay_pentomino_pile
D:3:      layout_loops_ring, uniq_ijyb, uniq_grinder, uniq_jessica
D:4:      layout_rooms, kiku_gazebo_pond_becter, temple_pool_b, serial_shops,
          nicolae_shop_temple_entry_statues_fountains, due_unseen_surprise,
          uniq_natasha
D:5:      layout_gridville, uniq_duvessa
D:6:      layout_loops_cross, lemuel_round_altar
D:7:      layout_cave_pods, chequers_temple_overflow_statue_of_worship
D:8:      minmay_the_grid_four_pointed_star
          [minmay_the_grid_triangle_9x9_limited_checkers,
          minmay_the_grid_triangle_9x9_warning,
          minmay_the_grid_triangle_9x9_tough_junction,
          minmay_the_grid_triangle_9x9_zippers_horizontal,
          minmay_the_grid_prize_four_corners_diamond_b], layout_rooms
Temple:   nicolae_temple_slightly_damp_pantheon
Lair:1:   layout_regular_city, gammafunk_ghost_abyssal_escape, nzn_random_ring

Skill      XL: |  1  2  3  4  5  6  7  8  9 10 11 |
---------------+----------------------------------+-----
Spellcasting   | 3 4 5 6 7 |  7.9
Summonings     | 5 6 7 8 9 |  9.2
Fire Magic     | 2 3 4 5 |  5.0
Evocations     | 1 3 4 5 |  5.0
Dodging        | 4 6 7 8 |  8.8
Stealth        | 4 6 8 9 |  9.3
Fighting       | 2 4 5 6 |  6.2
Air Magic      | 1 3 4 5 |  5.0
Necromancy     | 2 |  2.0

Action                     |  1- 3 |  4- 6 |  7- 9 | 10-12 || total
---------------------------+-------+-------+-------+-------++-------
  Melee: Unarmed           |    29 |    11 |    48 |     9 ||    97
         Bite              |     1 |     1 |     8 |     1 ||    11
   Cast: Summon Small Mamm |    31 |     4 |     2 |       ||    37
         Call Imp          |     6 |    20 |    19 |     3 ||    48
         Call Canine Famil |     3 |    20 |    53 |    11 ||    87
         Summon Blazeheart |       |       |    17 |    30 ||    47
         Summon Lightning  |       |       |     5 |    10 ||    15
    Use: Scroll            |       |    13 |     4 |     4 ||    21
         Potion            |       |       |       |     2 ||     2
   Stab: Sleeping          |     1 |       |     1 |       ||     2
         Distracted        |       |     1 |     1 |       ||     2
 Armour: Skin              |    12 |    12 |    36 |    35 ||    95
  Dodge: Dodged            |    46 |    17 |    92 |    39 ||   194

Table legend: (Time is in decaauts)
 A = Elapsed time spent in this place.
 B = Non-inter-level travel time spent in this place.
 C = Inter-level travel time spent in this place.
 D = Time resting spent in this place.
 E = Time spent auto-exploring this place.
 F = Levels seen in this place.
 G = Mean time per level.
                   A        B        C        D        E       F      G
               +--------+--------+--------+--------+--------+-----+--------+
         Total |   9528 |   8837 |    691 |   2244 |   4163 |  10 |  952.8 |
       Dungeon |   8746 |   8088 |    658 |   1998 |   3922 |   8 | 1093.2 |
        Temple |     27 |      1 |     26 |      0 |      0 |   1 |   27.0 |
          Lair |    754 |    747 |      7 |    246 |    241 |   1 |  754.0 |
               +--------+--------+--------+--------+--------+-----+--------+

Top non-repeatable levels by time:
     D:8: 1583 daAuts
     D:3: 1367 daAuts
     D:6: 1282 daAuts
     D:1: 1248 daAuts
     D:2: 970 daAuts
     D:7: 837 daAuts
     D:5: 825 daAuts
  Lair:1: 754 daAuts
     D:4: 630 daAuts
  Temple: 27 daAuts
